 Dungeon Crawl Stone Soup version 0.20.0-15-g7f486f2 (webtiles) character file.

173 Raukatau the Bolt Thrower (level 5, -1/30 HPs)
             Began as a Kobold Hunter on June 29, 2017.
             Killed from afar by Natasha (6 damage)
             ... with a magic dart
             ... on level 2 of the Dungeon.
             The game lasted 00:14:05 (1997 turns).

Raukatau the Bolt Thrower (Kobold Hunter)           Turns: 1997, Time: 00:14:07

Health: -1/30      AC:  0    Str: 11    XL:     5   Next: 83%
Magic:  5/5        EV: 20    Int: 12    God:
Gold:   95         SH:  0    Dex: 20    Spells: 4/4 levels left

rFire    . . .     SeeInvis .   (weapon currently unavailable)
rCold    . . .     Gourm    .   (shield currently unavailable)
rNeg     . . .     Faith    .   (armour currently unavailable)
rPois    .         Spirit   .   (helmet currently unavailable)
rElec    .         Reflect  .   (cloak currently unavailable)
rCorr    .         Harm     .   (gloves currently unavailable)
MR       .....                  (boots currently unavailable)
Stlth    +++.......             (no amulet)
Regen    0.1/turn               (ring currently unavailable)
MPRegen  0.1/turn               (ring currently unavailable)

@: bat-form, flying, slowed, quick
A: carnivore 3
a: no special abilities


You were on level 2 of the Dungeon.
You were completely stuffed.
You were in bat-form.
You visited 1 branch of the dungeon, and saw 2 of its levels.

You collected 95 gold pieces.

Inventory:

Hand Weapons
 a - a +1 hand crossbow (melded)
 b - a +0 short sword
 o - a +0 dagger of venom
 t - a +1 quarterstaff of crushing
Missiles
 d - 28 bolts
 e - 39 stones (quivered)
 i - 12 poisoned needles
 u - 5 curare-tipped needles
Armour
 c - a +0 leather armour (melded)
 k - a +0 chain mail
 m - a +0 cloak (melded)
 q - a +1 helmet of see invisible
Magical Staves
 p - an uncursed staff of wizardry
Scrolls
 j - 2 scrolls of identify
 n - a scroll of enchant armour {unknown}
 s - a scroll of fear {unknown}
 v - 2 scrolls of remove curse {unknown}
Potions
 h - 2 potions of curing
 l - 2 potions of ambrosia {unknown}
 r - a potion of lignification {unknown}
 w - a potion of degeneration {unknown}
Comestibles
 f - 5 meat rations
 g - 2 chunks of flesh


   Skills:
 - Level 2.1 Fighting
 * Level 7.1 Crossbows
 - Level 2.4 Dodging
 + Level 4.4 Stealth


You had 4 spell levels left.
You didn't know any spells.

Dungeon Overview and Level Annotations

Branches:
Dungeon (2/15)

Altars:

Annotations:
D:2 Natasha


Innate Abilities, Weirdness & Mutations

You are small and have problems with some larger weapons.
You are carnivorous and can eat meat at any time.


Message History

You barely miss Natasha.
Natasha casts a spell.
You hit Natasha but do no damage. Natasha misses you. The white imp hits you.
The white imp freezes you. Natasha claws you!
Okay, then.
You hit Natasha but do no damage. The white imp closely misses you.
Natasha zaps a wand.
You hit Natasha.
Natasha is lightly wounded.
The white imp misses you. Natasha claws you.
The white imp summons a swarm of flies.
The white imp completely misses you.
You hit Natasha but do no damage.
Natasha is lightly wounded.
Natasha claws you!
* * * LOW HITPOINT WARNING * * *
The white imp closely misses you. Natasha casts a spell at you.
The magic dart hits you!
You die...

#..............###.#....
#...............#.......
#...........#...........
#########..#####..##.##.
### #..# #).##.##. ....
##.## #..##.... ..(((
#..####.....###
......########...#....#..#
.........hb5.........###.#
......##########.....###.##
..... ............... ....
############.#... ...
##...## #..... .. ##.....##
###... . #.......# #...
#.......# #####.
#.......######....[


You could see Natasha and a white imp.

Vanquished Creatures
  Jessica (D:2)
  Natasha (twice) (D:2)
  4 gnolls (D:2)
  An adder (D:2)
  A dart slug (D:1)
  A ball python (D:2)
  5 goblins
  8 hobgoblins
  4 jackals (D:1)
  A kobold (D:2)
  3 quokkas
  12 bats
  5 frilled lizards
  4 rats (D:1)
52 creatures vanquished.

Notes
Turn   | Place    | Note
-------+----------+-------------------------------------------
     0 | D:1      | Raukatau the Kobold Hunter began the quest for the Orb.
     0 | D:1      | Reached XP level 1. HP: 12/12 MP: 1/1
   137 | D:1      | Reached skill level 5 in Crossbows
   272 | D:1      | Reached XP level 2. HP: 17/17 MP: 2/2
   803 | D:1      | Reached XP level 3. HP: 18/21 MP: 3/3
  1201 | D:2      | Noticed Natasha
  1214 | D:2      | Killed Natasha
  1214 | D:2      | Reached XP level 4. HP: 21/26 MP: 4/4
  1228 | D:2      | Noticed Natasha
  1236 | D:2      | Killed Natasha
  1236 | D:2      | Reached skill level 6 in Crossbows
  1490 | D:2      | Reached XP level 5. HP: 30/30 MP: 5/5
  1528 | D:2      | Noticed Jessica
  1536 | D:2      | Killed Jessica
  1719 | D:2      | Reached skill level 7 in Crossbows
  1982 | D:2      | Noticed Natasha
  1997 | D:2      | Killed from afar by Natasha

Skill      XL: |  1  2  3  4  5 |
---------------+----------------+-----
Crossbows      | 5 6 7 |  7.1
Stealth        | 2 3 4 |  4.4
Fighting       | |  2.1
Dodging        | |  2.4

Action                   |  1- 3 |  4- 6 || total
-------------------------+-------+-------++-------
Melee: Short sword       |    95 |    58 ||   153
       Unarmed           |       |     5 ||     5
 Fire: Hand crossbow     |    16 |    36 ||    52
Throw: Stone             |     7 |     1 ||     8
  Use: Scroll            |       |     1 ||     1
 Stab: Sleeping          |     4 |     2 ||     6
  Eat: Chunk             |     9 |     3 ||    12
Armor: Leather armour    |    29 |    22 ||    51
       Skin              |       |     1 ||     1
Dodge: Dodged            |    94 |    70 ||   164
